 Dungeon Crawl Stone Soup version 0.30-a0-417-gc767529 (webtiles) character file.

Game seed: 3238625048523294721

572937 RandomTeleportist the Maledictor (level 25, -19/177 (241) HPs)
             Began as a Vampire Enchanter on Nov 27, 2022.
             Was a Follower of Jiyva (penitent).
             Killed from afar by a wendigo (32 damage)
             ... with a seracfall
             ... on level 2 of Cocytus on Dec 8, 2022.
             The game lasted 1 day 07:51:26 (151343 turns).

RandomTeleportist the Maledictor (VpEn)       Turns: 151343, Time: 1 , 07:51:27

HP:   -19/177 (241) AC: 22    Str:  4 (7)  XL:     25   Next: 69%
MP:   23/40         EV: 19    Int: 32 (34) God:    Jiyva [*.....]
Gold: 1816          SH: 15    Dex: 21 (28) Spells: 2/50 levels left

rFire   + . .      SeeInvis +    a - +8 double sword (venom)
rCold   + + .      Faith    .    C - +0 kite shield {reflect}
rNeg    . . .      Spirit   .    V - +6 acid dragon scales
rPois   +          Reflect  +    l - +0 helmet of Articulation {rC+}
rElec   +          Harm     .    B - +0 cloak of the Baking Gods {rPois Will+ Dex+4}
rCorr   +          Rampage  .    F - +2 pair of gloves "Qoshraso" {rElec Dex+2}
Will    ++...                    d - +2 pair of boots {Fly}
Stlth   +++++.....               I - amulet of Creativity {rC+ Will+ Regen+ SInv}
HPRegen 1.49/turn                c - ring "Fobbainu" {rF+ Str-4 Int+10 Dex+6 SInv}
MPRegen 0.27/turn                S - ring "Keshas" {Wiz +Blink Will+}

@: weak-willed, flying, very slightly contaminated, healing quickly, studying
Long Blades, very heavily drained, unable to drink
A: alive, fangs 3, see invisible, vampiric 2, mutation resistance 1, robust 2,
[deformed body]
}: 3/15 runes: barnacled, silver, gossamer
a: Exsanguinate, Renounce Religion, Evoke Blink


You were on level 2 of Cocytus.
You worshipped Jiyva.
Jiyva was demanding penance.
You visited 15 branches of the dungeon, and saw 55 of its levels.
You visited the Abyss 1 time.

You collected 8790 gold pieces.
You spent 6974 gold pieces at shops.

Inventory:

Hand Weapons
 a - a +8 double sword of venom (weapon)
 b - the +5 rapier of Change {freeze, rC+}
   (You found it on level 1 of the Shoals)

   It freezes those it strikes, dealing additional cold damage.
   It can also slow down cold-blooded creatures.
   rC:        It protects you from cold.
Missiles
 G - 6 throwing nets
 O - 37 javelins
Armour
 d - a +2 pair of boots of flying (worn)
 e - a scarf of resistance
 l - the +0 helmet of Articulation (worn) {rC+}
   (You found it on level 4 of the Shoals)

   rC:        It protects you from cold.
 t - quicksilver dragon scales
 B - the +0 cloak of the Baking Gods (worn) {rPois Will+ Dex+4}
   (You found it on level 3 of the Dungeon)

   Dex:       It affects your dexterity (+4).
   rPois:     It protects you from poison.
   Will:      It increases your willpower.
 C - a +0 kite shield of reflection (worn)
 F - the +2 pair of gloves "Qoshraso" (worn) {rElec Dex+2}
   (You found it on level 3 of the Elven Halls)

   Dex:       It affects your dexterity (+2).
   rElec:     It insulates you from electricity.
 V - +6 acid dragon scales (worn)
 W - a +1 tower shield of cold resistance
Jewellery
 c - the ring "Fobbainu" (left hand) {rF+ Str-4 Int+10 Dex+6 SInv}
   (You acquired it on level 14 of the Dungeon)

   [ring of dexterity]

   Str:       It affects your strength (-4).
   Int:       It affects your intelligence (+10).
   Dex:       It affects your dexterity (+6).
   rF:        It protects you from fire.
   SInv:      It lets you see invisible.
 m - the ring of Tam Tipt {rF+ MP+9 Dex+2 Stlth+}
   (You acquired it on level 14 of the Dungeon)

   [ring of magical power]

   Dex:       It affects your dexterity (+2).
   rF:        It protects you from fire.
   MP:        It affects your magic capacity (+9).
   Stlth:     It makes you more stealthy.
 I - the amulet of Creativity (around neck) {rC+ Will+ Regen+ SInv}
   (You bought it in a shop on level 3 of the Elven Halls)

   [amulet of regeneration]

   rC:        It protects you from cold.
   SInv:      It lets you see invisible.
   Regen:     It increases your rate of health regeneration.
   Will:      It increases your willpower.
 S - the ring "Keshas" (right hand) {Wiz +Blink Will+}
   (You found it on level 5 of the Vaults)

   [ring of wizardry]

   It improves your spell success rate.
   +Blink:    It lets you blink.
   Will:      It increases your willpower.
Wands
 i - a wand of digging (2)
 n - a wand of iceblast (38)
 o - a wand of flame (12)
 Y - a wand of light (13)
Scrolls
 f - 11 scrolls of blinking
 g - 24 scrolls of teleportation
 r - 2 scrolls of identify
 v - 7 scrolls of fog
 y - 7 scrolls of amnesia
 D - 4 scrolls of fear
 E - 6 scrolls of vulnerability
 R - 6 scrolls of poison
 T - 5 scrolls of silence
Potions
 h - 11 potions of mutation
 q - 19 potions of curing
 s - 21 potions of heal wounds
 x - 3 potions of resistance
 z - 4 potions of haste
 A - 5 potions of invisibility
 J - 2 potions of magic
 N - 9 potions of brilliance
 Q - 4 potions of cancellation
 X - 9 potions of might
 Z - a potion of flight
Miscellaneous
 j - a box of beasts
 k - a lightning rod (4/4)
 p - a condenser vane
 P - a phial of floods


   Skills:
 + Level 17.2 Fighting
 - Level 4.4(14.9) Short Blades
 + Level 20.0(20.2) Long Blades
 - Level 5.0 Throwing
 - Level 11.4 Armour
 + Level 16.3 Dodging
 - Level 12.9 Stealth
 - Level 15.0 Shields
 - Level 13.4 Spellcasting
 - Level 5.0 Conjurations
 - Level 22.9 Hexes
 - Level 4.5 Summonings
 - Level 12.0 Translocations
 - Level 11.6 Ice Magic
 + Level 10.8 Air Magic
 - Level 4.5 Evocations


You had 2 spell levels left.
You knew the following spells:

 Your Spells              Type           Power      Damage    Failure   Level
a - Passage of Golubria   Tloc           78%        N/A       1%          4
c - Blink                 Tloc           100%       N/A       1%          2
e - Summon Guardian Gole  Hex/Summ       83%        N/A       1%          3
r - Arcjolt               Conj/Air       32%        1d42      3%          5
A - Apportation           Tloc           100%       N/A       1%          1
B - Passwall              Tmut/Erth      17%        N/A       4%          2
E - Tukima's Dance        Hex            100%       N/A       0%          3
F - Fulminant Prism       Conj/Hex       42%        3d19      1%          4
G - Metabolic Englaciati  Hex/Ice        46%        N/A       1%          5
H - Freezing Cloud        Conj/Ice/Air   34%        6-21      1%          5
I - Dispersal             Tloc           39%        N/A       3%          6
J - Discord               Hex            53%        N/A       1%          8

Your spell library contained the following spells:

 Spells                   Type           Power      Damage    Failure   Level
 Ensorcelled Hibernation  Hex/Ice        100%       N/A       0%          2
 Freeze                   Ice            100%       1d10      1%          1
 Kiss of Death            Conj/Necr      100%       2d13      1%          1
 Magic Dart               Conj           100%       1d8       1%          1
 Summon Small Mammal      Summ           100%       N/A       1%          1
 Momentum Strike          Conj/Tloc      100%       3d10      1%          2
 Poisonous Vapours        Pois/Air       100%       N/A       1%          2
 Searing Ray              Conj           100%       2d8       1%          2
 Static Discharge         Conj/Air       100%       2-7/arc   1%          2
 Necrotise                Necr           84%        1d8       3%          1
 Sandblast                Erth           42%        2d11      3%          1
 Sting                    Tmut/Pois      84%        1d7       3%          1
 Confusing Touch          Hex            100%       N/A       0%          3
 Portal Projectile        Hex/Tloc       100%       N/A       0%          3
 Call Canine Familiar     Summ           50%        N/A       1%          3
 Dazzling Flash           Conj/Hex       100%       N/A       1%          3
 Frozen Ramparts          Ice            100%       1d16      1%          3
 Gell's Gravitas          Tloc           78%        N/A       1%          3
 Hailstorm                Conj/Ice       65%        3d14      1%          3
 Kindle Blastsparks       Fire/Tloc/Air  100%       2d18      1%          3
 Lesser Beckoning         Tloc           100%       N/A       1%          3
 Ozocubu's Armour         Ice            77%        N/A       1%          3
 Swiftness                Air            74%        N/A       1%          3
 Teleport Other           Tloc           78%        N/A       1%          3
 Vhi's Electric Charge    Tloc/Air       100%       N/A       1%          3
 Anguish                  Hex/Necr       38%        N/A       1%          4
 Iskenderun's Mystic Bla  Conj/Tloc      66%        2d14      1%          4
 Manifold Assault         Tloc           78%        N/A       1%          4
 Summon Ice Beast         Ice/Summ       65%        N/A       1%          4
 Summon Mana Viper        Hex/Summ       83%        N/A       1%          5
 Yara's Violent Unravell  Hex/Tmut       38%        3d15      1%          5
 Enfeeble                 Hex            53%        N/A       1%          7
 Ice Form                 Ice/Tmut       56%        N/A       2%          4
 Summon Forest            Summ/Tloc      32%        N/A       2%          5
 Stone Arrow              Conj/Erth      74%        3d11      3%          3
 Lightning Bolt           Conj/Air       32%        1d49      3%          5
 Ignite Poison            Fire/Tmut/Pois 21%        N/A       9%          3
 Sticky Flame             Conj/Fire      37%        2d6       11%         4
 Animate Armour           Summ/Erth      72%        N/A       12%         4
 Conjure Ball Lightning   Conj/Air       32%        3x3d10    17%         6
 Ozocubu's Refrigeration  Ice            38%        4d16      21%         7
 Dispel Undead            Necr           21%        3d11      28%         4
 Olgreb's Toxic Radiance  Pois           21%        N/A       28%         4
 Irradiate                Conj/Tmut      18%        3d17      28%         5
 Simulacrum               Ice/Necr       28%        N/A       38%         6
 Blade Hands              Tmut           10%        N/A       58%         5
 Lee's Rapid Deconstruct  Erth           10%        3d8*      58%         5
 Malign Gateway           Summ/Tloc      32%        N/A       61%         7
 Disjunction              Tloc           39%        N/A       77%         8
 Iron Shot                Conj/Erth      18%        9d4       82%         6
 Maxwell's Capacitive Co  Air            37%        ∞         90%         8
 Monstrous Menagerie      Summ           25%        N/A       98%         7
 Dragon Form              Tmut           10%        N/A       100%        7
 Ignition                 Fire           10%        3d5       100%        8
 Infestation              Necr           10%        N/A       100%        8
 Chain Lightning          Conj/Air       32%        3d42      100%        9
 Necromutation            Tmut/Necr      Unusable   N/A       N/A         8

Dungeon Overview and Level Annotations

Branches:
Dungeon (15/15)            Temple (1/1) D:6            Lair (5/5) D:11
 Shoals (4/4) Lair:2       Spider (4/4) Lair:3        Slime (2/5) Lair:4
    Orc (2/2) D:10            Elf (3/3) Orc:2        Vaults (5/5) D:14
  Crypt (3/3) Vaults:3       Tomb (1/3) Crypt:3      Depths (4/4) D:15
   Hell (visited)             Dis (0/7) Hell            Geh (0/7) Hell
    Coc (2/7) Hell            Tar (0/7) Hell            Zot (3/5) Depths:4

Altars:
Ashenzari
Cheibriados
Dithmenos
Fedhas
Gozag
Hepliaklqana
Kikubaaqudgha
Makhleb
Nemelex Xobeh
Okawaru
Qazlal
Ru
Sif Muna
Uskayaw
Vehumet
Xom
Yredelemnul
Jiyva
Lugonu

Shops:
D:1 [   D:5 (   D:6 =   D:7 !   D:10 [   Orc:2 [**?   Elf:1 ??*   Elf:2 !
Elf:3 =:=   Shoals:2 :   Vaults:4 *   Vaults:5 !   Depths:2 *:   Depths:3 (

Portals:
Hell: Depths:1 Depths:2 Depths:3 Depths:4
Abyss: Depths:1 Depths:3
Pandemonium: Depths:2
Ziggurat: Depths:2

Annotations:
D:5 exclusions: ice beast and troll, Sigmund
D:9 2 transporters
Lair:5 exclusion: obsidian statue
Shoals:1 1 runed translucent door
Shoals:2 Mlioglotl, Nikola
Spider:2 Roxanne
Vaults:3 Boris; Sojobo
Vaults:4 Mennas
Vaults:5 exclusion: upstairs
Depths:2 blackthorn's ghost, veteran GnEE
Depths:3 Parghit
Depths:4 2 transporters, Gunk's ghost, veteran TeAE
Zot:2 3 runed translucent doors, exclusions: draconian scorcher and 2 draconian stormcallers, Tiamat; Umialoyff's ghost, veteran DsNe


Innate Abilities, Weirdness & Mutations

Your natural rate of healing is accelerated.
You have razor-sharp teeth.
You have supernaturally acute eyesight. (SInv)
You are afflicted with vampirism and can become a bat while bloodless.
You are somewhat resistant to further mutation.
You are very robust. (+20% HP)
[Armour fits poorly on your strangely shaped body.]


Message History

* * * LOW HITPOINT WARNING * * *
The wave splashes down.
Casting: Dispersal (dangerous; 3% risk of failure)
Confirm with . or Enter, or press ? or * to list all spells.
Casting: Dispersal (dangerous; 3% risk of failure)
Press: ? - help, Dir - look around, f - activate You miscast Dispersal.
You are very lightly contaminated with residual magic.
Nothing appears to happen.
The harpy simulacrum claws the caustic shrike simulacrum.
The harpy simulacrum freezes the caustic shrike simulacrum.
The caustic shrike simulacrum completely resists.
The harpy simulacrum misses the caustic shrike simulacrum.
The harpy simulacrum claws itself.
The harpy simulacrum vaporises!
You block the caustic shrike simulacrum's attack.
You block the water elemental's attack.
The water elemental completely misses you.
Casting: Dispersal (dangerous; 3% risk of failure)
Confirm with . or Enter, or press ? or * to list all spells.
Casting: Dispersal (dangerous; 3% risk of failure)
Press: ? - help, Dir - look around, f - activate The water elemental blinks! x2
The caustic shrike simulacrum disappears!
The caustic shrike simulacrum reappears nearby!
The nargun blinks! x2; The water elemental blinks! x2
The elemental wellspring blinks!
The caustic shrike simulacrum disappears!
The water elemental blinks! x2; The nargun hits you!!
* * * LOW HITPOINT WARNING * * *
Your willpower is stripped away!
You block the nargun's attack.
The wendigo gestures.
The alligator snapping turtle simulacrum collapses into a mass of ice!
The mass of ice explodes!
The seracfall engulfs the nargun!!
The nargun partially resists.
The seracfall engulfs the water elemental!!!
The water elemental is destroyed!
The water elemental disappears in a puff of smoke!
The seracfall engulfs you!! You partially resist.
You die...

..≈≈≈≈≈E§≈≈≈≈..≈
..E≈≈≈≈§@≈≈Z^..≈
..≈≈≈≈§9§9.R...≈
>ZZ≈≈E§§§§≈≈.E.≈
..≈E~○≈≈##≈≈...≈
~~~R≈≈E## ≈≈○9.≈
~~9Z≈Z# #≈....
~~~≈≈≈ ≈.≈≈.
....≈≈ ≈.≈≈≈


You could see 2 wendigos, 2 elemental wellsprings, 4 narguns, 5 water
elementals, a quicksilver dragon simulacrum, an iron dragon simulacrum, a naga
warrior simulacrum, a titan simulacrum and a caustic shrike simulacrum
(confused).

Vanquished Creatures
  3 Killer Klowns
  Margery (Crypt:3)
  A caustic shrike (Depths:1)
  4 golden dragons
  A profane servitor (Crypt:3)
  Jory (Depths:3)
  A bone dragon (Crypt:3)
  Arachne (Spider:2)
  3 electric golems
  Jorgrun (D:11)
  6 tentacled monstrosities
  5 titans
  2 walking crystal tomes (Depths:1)
  5 liches
  2 quicksilver dragons
  2 deep elf master archers (Elf:3)
  3 deep elf blademasters
  An acid blob (Slime:1)
  4 ancient champions
  An eldritch tentacle (Depths:4)
  10 sphinxes
  2 death cobs (Zot:1)
  3 revenants
  7 storm dragons
  5 shadow dragons
  3 tengu reavers
  Kirke (Spider:4)
  An azure jelly (shapeshifter) (Vaults:4)
  A draconian knight (Zot:3)
  2 narguns (Hell)
  10 fire giants
  2 azure jellies (Slime:1)
  12 frost giants
  4 deep elf sorcerers
  15 vault wardens
  2 iron dragons
  11 emperor scorpions
  5 ghost moths
  2 curse skulls
  2 angels (Zot:3)
  4 deep elf elementalists (Elf:3)
  35 very ugly things
  13 ironbound preservers
  A quicksilver ooze (Slime:1)
  2 ghouls
  A war gargoyle (Hell)
  14 stone giants
  3 broodmothers
  2 spriggan defenders
  An elemental wellspring (Coc:1)
  2 reapers (Depths:1)
  4 vampire knights
  5 black draconians
  9 ironbound thunderhulks
  A green draconian (Zot:1)
  5 deep elf annihilators
  7 deep elf demonologists (Elf:3)
  2 purple draconians
  3 minotaurs
  5 dire elephants
  A blizzard demon (Depths:2)
  10 fire dragons
  3 merfolk javelineers
  11 deep elf death magi
  2 eidola (Crypt:1)
  A green death (Hell)
  5 ettins
  9 merfolk impalers
  A mummy priest (Tomb:1)
  3 entropy weavers
  14 yaktaur captains
  6 great orbs of eyes
  14 jiangshi
  3 deep elf high priests
  2 rakshasas (Depths:3)
  A spriggan zombie (Crypt:1)
  5 spriggan air magi
  A fenstrider witch zombie (Crypt:1)
  A hell beast (Hell)
  An elf skeleton (Crypt:1)
  6 vault guards
  4 merfolk avatars
  6 ice dragons
  9 centaur warriors
  A jorogumo (Spider:2)
  A merfolk aquamancer (Shoals:2)
  3 death knights
  8 ironbound frosthearts
  6 satyrs
  2 juggernaut simulacra (Coc:1)
  3 radroaches
  6 deep troll shamans
  10 boulder beetles
  2 catoblepae
  4 two-headed ogres
  A tengu warrior (D:15)
  3 death yaks
  5 deep troll earth magi
  3 orc high priests
  A hell hog (Hell)
  3 vampire magi
  Nergalle (Lair:1)
  7 spriggan berserkers
  3 sun demons
  A storm dragon zombie (Depths:2)
  A shock serpent (shapeshifter) (Depths:1)
  16 deep elf knights
  Amaemon (Lair:1)
  24 skeletal warriors
  4 soul eaters
  9 hell knights
  A sixfirhy (Depths:2)
  8 pharaoh ants
  6 iron trolls
  A bunyip zombie (Crypt:3)
  5 shadow wraiths
  A spectral anaconda (Lair:5)
  A bog body (Crypt:2)
  11 deep elf archers
  11 steelbarb worms
  A quicksilver dragon simulacrum (Coc:2)
  5 flayed ghosts
  54 deep trolls
  A bunyip skeleton (Crypt:1)
  3 glowing orange brains
  14 ironbound convokers
  14 sea snakes
  6 lindwurms
  2 shadow demons (Hell)
  9 wizards
  11 orb spiders
  3 orc knights
  16 necromancers
  22 deep elf zephyrmancers
  5 phantasmal warriors
  16 harpies
  A sphinx zombie (Depths:2)
  19 wolf spiders
  31 ugly things
  A cyclops (shapeshifter) (Depths:1)
  A shining eye (Slime:2)
  A stone giant zombie (Crypt:1)
  22 deep elf pyromancers
  2 cyclopes (D:14)
  An oklob plant (Lair:1)
  18 manticores
  An anaconda skeleton (Crypt:1)
  13 fauns
  5 merfolk sirens
  15 moths of wrath
  5 elephants
  4 black mambas
  A titan simulacrum (Depths:2)
  2 molten gargoyles
  5 torpor snails
  2 apocalypse crabs (Shoals:1)
  22 vault sentinels
  4 water nymphs
  A storm dragon simulacrum (Coc:1)
  A gargoyle (D:12)
  A white draconian zombie (Crypt:2)
  2 orange demons (Depths:2)
  5 smoke demons
  A yaktaur zombie (Vaults:4)
  A sea snake zombie (Hell)
  2 ice statues (Hell)
  6 unseen horrors
  4 rime drakes
  11 cane toads
  46 yaktaurs
  A red draconian zombie (Crypt:1)
  A komodo dragon (shapeshifter) (Vaults:4)
  3 kobold demonologists
  9 demonic crawlers
  7 komodo dragons
  A tormentor (Coc:1)
  8 freezing wraiths
  A hellion (Hell)
  An ice devil (Depths:2)
  A spark wasp simulacrum (Depths:2)
  A tengu conjurer (Depths:1)
  An alligator snapping turtle skeleton (Crypt:1)
  2 hellwings (Depths:2)
  An anaconda simulacrum (Coc:1)
  A hydra zombie (Hell)
  3 spriggan skeletons
  3 guardian mummies (Tomb:1)
  A spectral naga (Crypt:3)
  A black draconian skeleton (Crypt:2)
  A queen bee (shapeshifter) (Vaults:5)
  An ancient zyme (Abyss:2)
  16 trolls
  28 merfolk
  3 meliai (D:13)
  19 tarantellas
  4 hornets
  32 slime creatures
  A polar bear (Lair:4)
  A hydra skeleton (Crypt:3)
  4 wind drakes
  A spectral elephant (Lair:5)
  An iron dragon simulacrum (Depths:2)
  9 blink frogs
  5 snapping turtles
  7 dream sheep
  4 large abominations (Depths:3)
  41 dancing weapons
  An ettin skeleton (Vaults:4)
  3 air elementals
  28 jumping spiders
  A culicivora (shapeshifter) (Elf:1)
  A centaur simulacrum (D:15)
  21 culicivoras
  53 flying skulls
  A ynoxinul (Depths:2)
  4 spriggans
  An alligator skeleton (Hell)
  4 shadows
  A hog (Spider:4)
  A wind drake zombie (Crypt:1)
  13 yaks
  6 wraiths
  4 fire elementals
  2 vampires (D:14)
  4 basilisks
  14 water elementals
  9 wyverns
  54 redbacks
  3 steam dragons
  3 chaos spawn (Depths:3)
  A human (Spider:4)
  4 vampire mosquitoes
  A sea snake simulacrum (Hell)
  Grum (D:10)
  A death yak simulacrum (D:12)
  An alligator snapping turtle simulacrum (Coc:1)
  2 harpy simulacra
  2 spatial vortices (Depths:4)
  13 water moccasins
  2 human zombies
  3 wargs
  A demonspawn zombie (Crypt:2)
  2 acid dragons (D:12)
  3 hydra simulacra
  A floating eye (shapeshifter) (Depths:1)
  A glowing shapeshifter skeleton (Crypt:1)
  A merfolk skeleton (Crypt:1)
  39 orc warriors
  2 sky beasts (D:9)
  2 ice beasts
  3 black bears
  An ice dragon simulacrum (Coc:1)
  5 ogres
  An ettin simulacrum (Depths:2)
  6 boggarts
  A manticore zombie (Crypt:1)
  23 wolves
  3 elephant skeletons
  16 centaurs
  2 human skeletons
  A swamp dragon skeleton (Crypt:1)
  A lemure (D:7)
  A phantom (D:5)
  A kobold brigand (D:6)
  A fire crab zombie (Crypt:2)
  6 bullfrogs
  A gnoll sergeant (D:6)
  An ogre simulacrum (Vaults:1)
  5 necrophages
  A two-headed ogre simulacrum (D:12)
  A glowing shapeshifter simulacrum (Depths:2)
  5 earth elementals
  2 scorpions (D:5)
  2 wights
  A cane toad simulacrum (D:12)
  7 small abominations
  5 killer bees
  A polar bear skeleton (Crypt:1)
  A swamp dragon simulacrum (Coc:1)
  10 howler monkeys
  4 electric eels
  4 hounds
  3 jellies
  14 orc priests
  Terence (D:3)
  3 iguanas (D:5)
  19 orc wizards
  6 hell rats
  A polar bear simulacrum (D:12)
  5 spriggan simulacra
  2 troll simulacra (D:12)
  A sky beast zombie (Crypt:2)
  An ogre skeleton (Crypt:2)
  5 mummies (Tomb:1)
  4 adders
  3 gnolls
  A naga simulacrum (D:12)
  2 river rats (D:6)
  A shadow imp (D:7)
  3 white imps
  A worm (D:4)
  2 dart slugs
  80 orcs
  12 ball pythons
  A bat (D:1)
  8 endoplasms
  2 giant cockroaches
  6 hobgoblins
  6 jackals
  6 kobolds
  2 quokkas
  A frilled lizard (D:3)
  4 goblins
  A goblin skeleton (Crypt:2)
  A hobgoblin skeleton (Crypt:2)
  15 rats
1885 creatures vanquished.

Vanquished Creatures (collateral kills)
  An ancient lich (Vaults:5)
  A golden dragon (Zot:2)
  Geryon (Hell)
  2 tentacled monstrosities (Vaults:5)
  2 titans (Vaults:5)
  A quicksilver dragon (Zot:2)
  A shadow dragon (Vaults:5)
  3 tengu reavers (Vaults:5)
  A draconian monk (Zot:3)
  3 fire giants (Vaults:5)
  2 frost giants (Depths:1)
  A balrug (Hell)
  5 vault wardens (Vaults:5)
  A draconian shifter (Zot:1)
  2 ironbound preservers (Vaults:5)
  2 draconian annihilators
  A war gargoyle (Vaults:5)
  A vampire knight (Depths:1)
  A green draconian (Depths:4)
  4 stone giants
  A black draconian (Zot:3)
  A spark wasp (Depths:1)
  A bunyip (shapeshifter) (Vaults:5)
  3 white draconians
  A yellow draconian (Zot:3)
  3 blizzard demons (Hell)
  5 ettins
  A merfolk impaler (Shoals:3)
  A fire dragon (Depths:1)
  6 mummy priests (Tomb:1)
  A deep elf death mage (Vaults:5)
  2 deep elf high priests (Vaults:5)
  4 yaktaur captains (Vaults:5)
  20 vault guards
  An ice dragon (Hell)
  An ogre mage (Vaults:5)
  A centaur warrior (Vaults:1)
  A dancing weapon (Depths:4)
  6 death scarabs (Tomb:1)
  2 two-headed ogres (D:15)
  3 satyrs
  A tengu warrior (Depths:1)
  A spriggan berserker (Depths:1)
  4 hell hogs (Hell)
  2 sun demons (Hell)
  10 hell knights (Hell)
  2 soul eaters (Hell)
  A shadow wraith (Hell)
  A flayed ghost (Depths:1)
  A deep troll (Vaults:5)
  A glowing orange brain (shapeshifter) (Vaults:5)
  A phantasmal warrior (Vaults:5)
  4 ironbound convokers
  3 necromancers
  2 deep elf pyromancers
  4 deep elf zephyrmancers
  2 orc knights (Vaults:5)
  An ugly thing (Depths:1)
  An orc sorcerer (Vaults:5)
  A faun (Shoals:4)
  2 moths of wrath
  3 vault sentinels
  A smoke demon (Hell)
  A molten gargoyle (Hell)
  7 yaktaurs
  A hellion (Hell)
  An efreet (D:13)
  A freezing wraith (Hell)
  2 ice devils (Hell)
  A red devil (Hell)
  4 guardian mummies (Tomb:1)
  A queen bee (shapeshifter) (Vaults:5)
  5 merfolk
  A hornet (Vaults:5)
  An air elemental (Elf:1)
  2 wargs (Vaults:5)
  A redback (shapeshifter) (Vaults:5)
  6 orc warriors
  2 centaurs (Orc:2)
  An ogre (D:15)
  3 orc priests
  4 orc wizards
  2 hell rats (Hell)
  A mummy (Tomb:1)
  4 gnolls
  18 orcs
220 creatures vanquished.

Vanquished Creatures (others)
  An Ice Fiend (Depths:2)
  A lich (Depths:3)
  A tentacled monstrosity (Depths:4)
  Polyphemus (Shoals:3)
  A sphinx (Depths:1)
  Gastronok (Lair:2)
  An ancient champion (Crypt:3)
  Donald (D:10)
  A tengu reaver (Depths:1)
  A storm dragon (Depths:1)
  An azure jelly (Slime:1)
  4 frost giants (Depths:1)
  3 vault wardens (Vaults:5)
  An orc warlord (Orc:1)
  A ghoul (Crypt:2)
  A draconian stormcaller (Depths:4)
  An angel (Zot:3)
  An ironbound preserver (Vaults:2)
  A broodmother (Spider:2)
  3 reapers
  A war gargoyle (Vaults:5)
  A very ugly thing (D:14)
  3 stone giants
  A deep elf annihilator (Elf:2)
  2 vampire knights
  3 dire elephants (Lair:5)
  2 ettins (Vaults:5)
  An eidolon (Crypt:1)
  4 jiangshi
  Josephine (D:10)
  A yaktaur captain (Vaults:5)
  A caustic shrike simulacrum (Coc:2)
  A juggernaut simulacrum (Coc:2)
  3 vault guards (Vaults:5)
  Erolcha (D:11)
  2 ice dragons
  An ogre mage (D:15)
  4 hydras
  2 ironbound frosthearts (Vaults:2)
  6 two-headed ogres
  An alligator snapping turtle (Shoals:3)
  4 death knights
  A centaur warrior (Shoals:1)
  5 tengu warriors
  8 death yaks
  2 hell knights (Hell)
  2 spectral death yaks (Lair:5)
  An orb spider (Spider:4)
  A flayed ghost (Crypt:2)
  2 skeletal warriors
  2 deep trolls (Depths:2)
  Pikel (D:6)
  2 orc knights
  2 deep elf zephyrmancers (Elf:1)
  4 cyclopes
  2 manticores
  10 ugly things
  A wolf spider (Spider:2)
  A naga zombie (Crypt:1)
  7 elephants
  Joseph (D:9)
  A vault sentinel (Vaults:2)
  A dire elephant zombie (Crypt:2)
  An orange demon (Lair:2)
  A storm dragon simulacrum (Coc:1)
  3 cane toads
  5 demonic crawlers
  2 freezing wraiths
  5 rime drakes
  An anaconda simulacrum (Coc:2)
  3 ice devils (Depths:2)
  A yaktaur (Vaults:5)
  A hydra zombie (Hell)
  2 guardian mummies (Tomb:1)
  A tarantella (Spider:3)
  A spectral elephant (Lair:5)
  3 slime creatures (D:13)
  An iron dragon simulacrum (Coc:2)
  3 flying skulls (Crypt:3)
  2 dream sheep (Shoals:2)
  A stone giant simulacrum (Coc:2)
  A wyvern (D:10)
  4 wraiths
  4 humans (Spider:4)
  69 dancing weapons
  24 yaks
  An alligator snapping turtle simulacrum (Coc:2)
  A redback (Spider:3)
  A death yak simulacrum (Lair:5)
  4 vampire mosquitoes (D:13)
  A spectral cane toad (Lair:5)
  An acid dragon (D:13)
  3 water moccasins
  A water moccasin (shapeshifter) (D:13)
  An orc warrior (Orc:2)
  A naga skeleton (Crypt:1)
  A sky beast (D:9)
  2 elephant zombies (Lair:5)
  A cane toad skeleton (Crypt:1)
  An ogre (Orc:2)
  3 wolves (Lair:1)
  An elephant skeleton (Lair:5)
  A gnoll sergeant (D:13)
  A cane toad simulacrum (Lair:5)
  2 wights (D:9)
  2 orc priests
  39 jellies
  A mummy (Tomb:1)
  3 gnolls (D:13)
  A swamp drake skeleton (Crypt:1)
  An iguana skeleton (Crypt:2)
  3 orcs
  A fire vortex (Zot:1)
  652 fulminant prisms
  47 fungi
  7 pillars of salt (Zot:3)
  212 plants
  32 withered plants (Lair:5)
1298 creatures vanquished.

Grand Total: 3403 creatures vanquished

Notes
Turn   | Place    | Note
-------+----------+-------------------------------------------
     0 | D:1      | RandomTeleportist the Vampire Enchanter began the quest for
                  | the Orb.
     0 | D:1      | Reached XP level 1. HP: 13/13 MP: 3/3
    19 | D:1      | Found Fyinwuan's Armour Shoppe.
   109 | D:1      | Reached XP level 2. HP: 9/19 MP: 5/5
   708 | D:2      | Learned a level 2 spell: Ensorcelled Hibernation
   828 | D:2      | Increase (S)trength, (I)ntelligence, or (D)exterity?
   828 | D:2      | Gained mutation: You are afflicted with vampirism and can
                  | become a bat while bloodless. [Vampire growth]
   828 | D:2      | Reached XP level 3. HP: 24/24 MP: 6/6
  1041 | D:2      | Reached skill level 5 in Stealth
  1566 | D:2      | Found an iron altar of Okawaru.
  2219 | D:3      | Reached skill level 5 in Hexes
  2219 | D:3      | Reached XP level 4. HP: 15/30 MP: 1/7
  2829 | D:3      | Identified the +0 cloak of the Baking Gods {rPois Will+
                  | Dex+4}
  3122 | D:3      | Noticed Terence
  3135 | D:3      | Killed Terence
  3136 | D:3      | Reached skill level 1 in Ice Magic
  3163 | D:2      | Learned a level 3 spell: Confusing Touch
  3206 | D:2      | Reached skill level 1 in Armour
  3206 | D:2      | Reached XP level 5. HP: 15/35 MP: 1/8
  3744 | D:3      | Learned a level 3 spell: Tukima's Dance
  3908 | D:1      | Bought a +0 pair of gloves for 49 gold pieces
  4218 | D:4      | Found a shimmering blue altar of Sif Muna.
  4325 | D:4      | Noticed a black bear
  4560 | D:4      | Reached XP level 6. HP: 42/42 MP: 6/9
  5012 | D:4      | Identified the +1 leather armour of Asceticism {Fly rPois
                  | Will+ Dex-2}
  5161 | D:5      | Entered Level 5 of the Dungeon
  5190 | D:5      | Reached skill level 1 in Fighting
  5190 | D:5      | Reached skill level 6 in Hexes
  5369 | D:5      | You miscast Ensorcelled Hibernation.
  5419 | D:5      | Found Xetepsed's Weapon Shop.
  5565 | D:5      | Noticed an ice beast
  5822 | D:5      | Reached XP level 7. HP: 48/48 MP: 5/10
  5836 | D:5      | Learned a level 3 spell: Summon Guardian Golem
  6163 | D:5      | Noticed Sigmund
  6196 | D:5      | You miscast Ensorcelled Hibernation.
  6320 | D:5      | You miscast Ensorcelled Hibernation.
  6327 | D:5      | Reached skill level 1 in Summonings
  6399 | D:5      | Noticed a troll
  6567 | D:5      | You miscast Tukima's Dance.
  6737 | D:5      | Found a sacrificial altar of Ru.
  6820 | D:6      | Reached XP level 8. HP: 57/57 MP: 8/11
  7037 | D:6      | Reached skill level 1 in Long Blades
  7267 | D:6      | Found a staircase to the Ecumenical Temple.
  7286 | Temple   | Entered the Ecumenical Temple
  7293 | Temple   | Became a worshipper of Vehumet
  7781 | D:6      | Found Xereg's Jewellery Shoppe.
  8114 | D:6      | You miscast Ensorcelled Hibernation.
  8542 | D:7      | Found Irghux's Distillery.
  8555 | D:7      | Bought a potion of curing for 42 gold pieces
  8595 | D:7      | Noticed Pikel
  8679 | D:6      | Killed Pikel
  8680 | D:6      | Increase (S)trength, (I)ntelligence, or (D)exterity?
  8680 | D:6      | Reached XP level 9. HP: 65/65 MP: 9/12
  8720 | D:6      | Reached skill level 7 in Hexes
  9170 | D:7      | Reached * piety under Vehumet
  9170 | D:7      | Offered knowledge of Freeze by Vehumet.
  9727 | D:8      | Reached skill level 10 in Stealth
  9851 | D:8      | You miscast Ensorcelled Hibernation.
  9892 | D:8      | Reached skill level 5 in Fighting
 10027 | D:8      | You miscast Ensorcelled Hibernation.
 10120 | D:8      | Reached skill level 5 in Armour
 10148 | D:8      | You miscast Ensorcelled Hibernation.
 10380 | D:8      | Reached XP level 10. HP: 70/74 MP: 15/15
 10645 | D:9      | Found a transporter.
 10785 | D:9      | Found a transporter.
 11263 | D:9      | Reached skill level 5 in Long Blades
 11397 | D:9      | Reached skill level 8 in Hexes
 11416 | D:9      | Noticed a two-headed ogre
 11485 | D:9      | You miscast Ensorcelled Hibernation.
 11586 | D:9      | Killed a two-headed ogre
 11586 | D:9      | Offered knowledge of Searing Ray by Vehumet.
 11650 | D:9      | Reached ** piety under Vehumet
 11795 | D:10     | Entered Level 10 of the Dungeon
 11795 | D:10     | Found an ancient bone altar of Kikubaaqudgha.
 11795 | D:10     | Found a broken altar of Ashenzari.
 11795 | D:10     | Found a hazy altar of Hepliaklqana.
 11795 | D:10     | Found a blossoming altar of Fedhas.
 11795 | D:10     | Found a sparkling altar of Nemelex Xobeh.
 11801 | D:10     | Found a stormy altar of Qazlal.
 11821 | D:10     | Noticed Joseph
 11822 | D:10     | Found a snail-covered altar of Cheibriados.
 11840 | D:10     | Noticed a two-headed ogre
 12367 | D:9      | Killed a two-headed ogre
 12368 | D:9      | Reached skill level 9 in Hexes
 12420 | D:10     | Found Fesasu's Antique Armour Emporium.
 12427 | D:10     | Bought a buckler for 157 gold pieces
 12481 | D:9      | Killed Joseph
 12482 | D:9      | Reached skill level 1 in Shields
 13018 | D:9      | Reached XP level 11. HP: 83/83 MP: 13/17
 13791 | D:10     | Identified the +9 morningstar "Undertaker" {speed, *Rage
                  | rF+ rC+ Int+2}
 14141 | D:10     | Found a staircase to the Orcish Mines.
 14143 | D:10     | Noticed Josephine
 14173 | D:10     | You miscast Summon Guardian Golem.
 14194 | D:10     | Killed Josephine
 14216 | D:10     | You miscast Summon Guardian Golem.
 14451 | D:11     | Noticed Erolcha
 14631 | D:11     | Noticed Nergalle
 14631 | D:11     | Found a staircase to the Lair.
 14649 | D:10     | Offered knowledge of Poisonous Vapours by Vehumet.
 15192 | D:11     | Reached *** piety under Vehumet
 15194 | D:11     | Killed Erolcha
 15923 | D:11     | Noticed Grum
 15971 | D:10     | Killed Grum
 16056 | D:11     | Noticed a spectral orc warlord
 16381 | Lair:1   | Entered Level 1 of the Lair of Beasts
 16720 | Lair:1   | Noticed an oklob plant
 16872 | Lair:1   | Reached skill level 5 in Dodging
 17059 | Lair:2   | Reached XP level 12. HP: 89/89 MP: 19/19
 17072 | Lair:2   | Noticed Amaemon
 17172 | Lair:2   | Noticed Gastronok
 17369 | Lair:2   | Offered knowledge of Kindle Blastsparks by Vehumet.
 17458 | Lair:2   | Reached skill level 10 in Hexes
 17660 | Lair:2   | Found a staircase to the Shoals.
 17781 | Lair:2   | Reached skill level 5 in Shields
 17875 | Lair:2   | Killed Gastronok
 17876 | Lair:2   | Reached skill level 5 in Ice Magic
 18081 | Lair:2   | Reached **** piety under Vehumet
 18188 | Lair:2   | Reached skill level 5 in Spellcasting
 18491 | Lair:3   | Offered knowledge of Ignite Poison by Vehumet.
 18648 | Lair:3   | Reached skill level 11 in Hexes
 18741 | Lair:3   | Identified the +5 trident "Viwnosch" {vorpal, Dex+4 Stlth+}
 19493 | Lair:3   | Found a hole to the Spider Nest.
 19953 | Lair:4   | Noticed an eight-headed hydra
 20073 | Lair:4   | You miscast Ensorcelled Hibernation.
 20089 | Lair:4   | Found a viscous altar of Jiyva.
 20089 | Lair:4   | Found a staircase to the Slime Pits.
 20272 | Lair:4   | Learned a level 5 spell: Metabolic Englaciation
 20360 | Lair:4   | Reached XP level 13. HP: 95/95 MP: 14/20
 20369 | Lair:4   | Reached skill level 12 in Hexes
 20577 | Lair:4   | Learned a level 4 spell: Fulminant Prism
 20976 | Lair:5   | Entered Level 5 of the Lair of Beasts
 21454 | Lair:5   | Reached ***** piety under Vehumet
 21454 | Lair:5   | Offered knowledge of Orb of Destruction by Vehumet.
 21930 | Lair:4   | Reached skill level 10 in Long Blades
 23137 | Lair:5   | Noticed a dire elephant
 23137 | Lair:5   | Noticed a dire elephant
 23140 | Lair:5   | Noticed a dire elephant
 23140 | Lair:5   | Noticed a dire elephant
 23501 | Lair:5   | Reached skill level 1 in Evocations
 25240 | Lair:5   | You miscast Fulminant Prism.
 26187 | Lair:5   | Reached XP level 14. HP: 100/101 MP: 11/24
 26484 | Lair:5   | Identified the +6 shortbow of Discretion {freeze, Fragile
                  | +Blink SInv Stlth+}
 27240 | Lair:5   | Offered knowledge of Sticky Flame by Vehumet.
 28242 | Lair:1   | Killed Nergalle
 28245 | Lair:1   | Killed Amaemon
 28509 | D:12     | Found a frozen archway.
 28785 | D:12     | You miscast Fulminant Prism.
 28792 | D:12     | Noticed Jorgrun
 29158 | D:11     | Killed Jorgrun
 29414 | D:12     | You miscast Fulminant Prism.
 29448 | D:12     | Reached skill level 13 in Hexes
 31383 | D:12     | Reached skill level 1 in Throwing
 31830 | D:13     | Reached skill level 14 in Hexes
 32144 | D:13     | Offered knowledge of Lee's Rapid Deconstruction by Vehumet.
 33087 | D:14     | Increase (S)trength, (I)ntelligence, or (D)exterity?
 33087 | D:14     | Reached XP level 15. HP: 113/113 MP: 25/25
 33942 | D:14     | Found a gate to the Vaults.
 34270 | D:15     | Entered Level 15 of the Dungeon
 34524 | D:14     | Reached skill level 10 in Dodging
 34662 | D:14     | You miscast Summon Guardian Golem.
 36611 | D:15     | Identified 2 scrolls of acquirement
 36752 | D:15     | Found a staircase to the Depths.
 36752 | D:15     | Noticed a frost giant
 36997 | Orc:1    | Entered Level 1 of the Orcish Mines
 37185 | Orc:2    | Entered Level 2 of the Orcish Mines
 37185 | Orc:2    | Noticed Donald
 37269 | Orc:1    | You miscast Metabolic Englaciation.
 37457 | D:10     | Killed Donald
 38502 | Orc:1    | Offered knowledge of Ozocubu's Refrigeration by Vehumet.
 38511 | Orc:1    | Learned a level 7 spell: Ozocubu's Refrigeration
 39110 | Orc:2    | Found a staircase to the Elven Halls.
 39605 | Orc:2    | Found Huewnem's General Store.
 39605 | Orc:2    | Found Tumyziat's General Store.
 39605 | Orc:2    | Found Ceatatux's Antique Armour Shop.
 39607 | Orc:2    | Found Live's Magic Scroll Shoppe.
 39641 | Orc:2    | Bought 2 potions of heal wounds for 150 gold pieces
 39641 | Orc:2    | Bought a scroll of identify for 30 gold pieces
 39642 | Orc:2    | Bought a scroll of identify for 24 gold pieces
 39644 | Orc:2    | Bought a scroll of identify for 30 gold pieces
 39644 | Orc:2    | Bought a scroll of identify for 30 gold pieces
 39701 | Orc:1    | You miscast Fulminant Prism.
 40012 | Orc:1    | Offered knowledge of Starburst by Vehumet.
 40277 | Orc:2    | Bought a scroll of blinking for 112 gold pieces
 40277 | Orc:2    | Bought a scroll of blinking for 112 gold pieces
 40279 | Orc:2    | Bought a potion of haste for 120 gold pieces
 40280 | Orc:2    | Bought a scroll of amnesia for 60 gold pieces
 40486 | D:14     | Acquired the amulet of Seobing Yffu {Acrobat rElec Str+2
                  | Dex+4}
 40493 | D:14     | Acquired the ring of Tam Tipt {rF+ MP+9 Dex+2 Stlth+}
 40738 | Shoals:1 | Entered Level 1 of the Shoals
 40851 | Shoals:1 | Found a shadowy altar of Dithmenos.
 40903 | Shoals:1 | Identified an amulet of regeneration
 41694 | Shoals:1 | Reached XP level 16. HP: 122/122 MP: 25/28
 41758 | Shoals:1 | Identified the +5 rapier of Change {freeze, rC+}
 41814 | Shoals:1 | Found a runed translucent door.
 41818 | Shoals:1 | Found a corrupted altar of Lugonu.
 42660 | Shoals:2 | Reached skill level 10 in Fighting
 43542 | Shoals:2 | Noticed Mlioglotl
 43669 | Shoals:2 | Noticed Nikola
 43848 | Shoals:2 | Found Feripn's Book Boutique.
 44941 | Shoals:3 | Offered knowledge of Freezing Cloud by Vehumet.
 47882 | Shoals:4 | Entered Level 4 of the Shoals
 48021 | Shoals:4 | Noticed Polyphemus
 48026 | Shoals:4 | You miscast Metabolic Englaciation.
 48167 | Shoals:3 | Killed Polyphemus
 48708 | Shoals:3 | Learned a level 5 spell: Freezing Cloud
 49105 | Shoals:4 | Reached skill level 1 in Air Magic
 49408 | Shoals:3 | Reached skill level 1 in Conjurations
 49448 | Shoals:4 | Identified the ring "Guuf" {rC+ SInv}
 49735 | Shoals:4 | You miscast Freezing Cloud.
 50362 | Shoals:4 | You miscast Metabolic Englaciation.
 50930 | Shoals:3 | You miscast Fulminant Prism.
 51258 | Shoals:4 | You miscast Freezing Cloud.
 51351 | Shoals:4 | Reached XP level 17. HP: 129/129 MP: 21/29
 52135 | Shoals:4 | You miscast Freezing Cloud.
 52476 | Shoals:4 | You miscast Freezing Cloud.
 52663 | Shoals:4 | Reached skill level 15 in Long Blades
 52737 | Shoals:4 | Identified the +0 helmet of Articulation {rC+}
 52741 | Shoals:4 | Got a barnacled rune of Zot
 52743 | Shoals:4 | You miscast Freezing Cloud.
 52880 | Shoals:4 | You miscast Freezing Cloud.
 53270 | Elf:1    | Entered Level 1 of the Elven Halls
 53557 | Elf:1    | Offered knowledge of Ignition by Vehumet.
 53857 | Elf:1    | Found Icrah's Gadget Gallery.
 53862 | Elf:1    | You miscast Freezing Cloud.
 54963 | Elf:1    | Reached skill level 5 in Air Magic
 55072 | Elf:1    | Found Sumeuwea's Magic Scroll Shoppe.
 55076 | Elf:1    | Found Metuvvei's Magic Scroll Emporium.
 55798 | Elf:2    | Reached skill level 10 in Shields
 55879 | Elf:2    | You miscast Freezing Cloud.
 56268 | Elf:2    | You miscast Freezing Cloud.
 57448 | Elf:2    | Found a runed translucent gate.
 57449 | Elf:2    | Found a runed translucent gate.
 57449 | Elf:2    | Found a runed translucent gate.
 57596 | Elf:2    | Found Rosse's Distillery.
 57871 | Elf:1    | Found a shimmering blue altar of Sif Muna.
 57982 | Elf:3    | Entered Level 3 of the Elven Halls
 58747 | Elf:3    | Found Oper's Book Boutique.
 58747 | Elf:3    | Found Timasoan's Jewellery Emporium.
 58748 | Elf:3    | Found Gotaohob's Jewellery Emporium.
 58757 | Elf:3    | Bought a book of Misfortune for 420 gold pieces
 59339 | Elf:3    | Found Ipoucit's Jewellery Boutique.
 59681 | Elf:3    | Reached XP level 18. HP: 136/136 MP: 15/31
 63874 | Elf:3    | Identified the ring "Geunk" {rElec rC- Will- Dex+6 Slay+5}
 64023 | Elf:2    | Reached skill level 10 in Ice Magic
 64107 | Elf:3    | You miscast Freezing Cloud.
 64313 | Elf:3    | Identified an amulet of magic regeneration
 64682 | Elf:3    | Identified the amulet "Jaotibumn" {Faith Str+8}
 65953 | Elf:3    | You miscast Freezing Cloud.
 66107 | Elf:3    | Identified the +8 chain mail of Luhuos {Dex+7}
 66133 | Elf:3    | Identified the +1 ring mail "Noxila" {Will- Str+3 Dex+4}
 66165 | Elf:3    | Got Wuteoske's Secrets of Changed Wanderlust
 66170 | Elf:3    | Identified the +2 pair of gloves "Qoshraso" {rElec Dex+2}
 67367 | Elf:3    | You miscast Freezing Cloud.
 67501 | Elf:3    | Bought the amulet of Creativity {rC+ Will+ Regen+ SInv} for
                  | 591 gold pieces
 67515 | Elf:3    | Bought a ring of flight for 192 gold pieces
 67718 | Elf:3    | Noticed an Ice Fiend
 67875 | Elf:1    | Bought a scroll of acquirement for 624 gold pieces
 67875 | Elf:1    | Acquired 1203 gold pieces
 67968 | Elf:3    | Bought the ring "Tunokkaff" {rPois rCorr Str+6} for 580
                  | gold pieces
 68012 | Elf:3    | Bought a book of Spatial Translocations for 300 gold pieces
 68053 | Elf:2    | Bought a potion of heal wounds for 50 gold pieces
 68053 | Elf:2    | Bought 3 potions of heal wounds for 150 gold pieces
 68053 | Elf:2    | Bought a potion of heal wounds for 50 gold pieces
 68156 | Elf:1    | Bought a scroll of teleportation for 36 gold pieces
 68156 | Elf:1    | Bought a scroll of amnesia for 48 gold pieces
 68162 | Elf:1    | Bought a scroll of teleportation for 45 gold pieces
 68162 | Elf:1    | Bought a scroll of fear for 60 gold pieces
 68636 | Spider:1 | Entered Level 1 of the Spider Nest
 69085 | Spider:1 | Upgraded the game from 0.30-a0-377-g5cb311b to
                  | 0.30-a0-382-ga738ffb
 69358 | Spider:1 | You miscast Freezing Cloud.
 69631 | Spider:1 | Upgraded the game from 0.30-a0-382-ga738ffb to
                  | 0.30-a0-385-gfebfb9b
 70036 | Spider:1 | You miscast Freezing Cloud.
 71175 | Spider:1 | Upgraded the game from 0.30-a0-385-gfebfb9b to
                  | 0.30-a0-390-g80c34de
 71817 | Spider:2 | Identified the +0 dagger "Tyeh" {vorpal, rF+ SInv Stlth+}
 72655 | Spider:2 | Reached XP level 19. HP: 146/146 MP: 24/32
 73121 | Spider:2 | Noticed Roxanne
 73318 | Spider:2 | Found the +18 shield of the Gong {rElec rN+ Will+ EV-5}
 74117 | Spider:2 | Reached ****** piety under Vehumet
 74701 | Spider:3 | Offered knowledge of Fire Storm by Vehumet.
 74701 | Spider:3 | Offered knowledge of Chain Lightning by Vehumet.
 74701 | Spider:3 | Offered knowledge of Maxwell's Capacitive Coupling by
                  | Vehumet.
 74752 | Spider:3 | Noticed Arachne
 74911 | Spider:2 | Learned a level 2 spell: Passwall
 75023 | Spider:2 | Killed Arachne
 75518 | Spider:3 | You miscast Freezing Cloud.
 75761 | Spider:2 | Reached skill level 10 in Spellcasting
 76492 | Spider:3 | You miscast Freezing Cloud.
 76960 | Spider:3 | You miscast Freezing Cloud.
 78328 | Spider:3 | Identified the ring "Moguproc" {Fire *Slow rPois Dex+3
                  | SInv}
 79105 | Spider:4 | Entered Level 4 of the Spider Nest
 79234 | Spider:4 | Identified the +8 quarterstaff of the Aged Prophets {drain,
                  | rPois}
 79743 | Spider:4 | Noticed Kirke
 79750 | Spider:4 | Killed Kirke
 80698 | Spider:4 | You miscast Freezing Cloud.
 81944 | Spider:4 | You miscast Freezing Cloud.
 81945 | Spider:4 | You miscast Freezing Cloud.
 82181 | Spider:4 | You miscast Freezing Cloud.
 82857 | Spider:3 | You miscast Freezing Cloud.
 83275 | Spider:4 | Reached skill level 5 in Throwing
 84163 | Spider:4 | Got a gossamer rune of Zot
 84563 | Vaults:1 | Entered Level 1 of the Vaults
 86647 | Vaults:1 | You miscast Freezing Cloud.
 87229 | Vaults:1 | Reached XP level 20. HP: 153/156 MP: 27/34
 87274 | D:14     | Learned a level 9 spell: Chain Lightning
 87285 | D:14     | Learned a level 8 spell: Maxwell's Capacitive Coupling
 88447 | Vaults:1 | You miscast Freezing Cloud.
 88725 | Vaults:1 | You miscast Freezing Cloud.
 89293 | Vaults:1 | You miscast Freezing Cloud.
 90025 | Vaults:1 | Glimpsed the power of Zot.
 90441 | Vaults:2 | You miscast Freezing Cloud.
 90968 | Vaults:2 | You miscast Metabolic Englaciation.
 91710 | Vaults:2 | You miscast Freezing Cloud.
 91972 | Vaults:2 | You miscast Freezing Cloud.
 93093 | Vaults:3 | You miscast Fulminant Prism.
 93630 | Vaults:3 | Noticed Sojobo
 93632 | Vaults:3 | You miscast Metabolic Englaciation.
 93655 | Vaults:3 | Paralysed by an air elemental for 1 turns
 93663 | Vaults:3 | Paralysed by an air elemental for 1 turns
 95231 | Vaults:3 | Increase (S)trength, (I)ntelligence, or (D)exterity?
 95231 | Vaults:3 | Reached XP level 21. HP: 166/166 MP: 27/35
 95421 | Vaults:3 | Found a staircase to the Crypt.
 95846 | Vaults:3 | Noticed Boris
 96224 | Vaults:3 | Found Zablilownu's Antique Weapon Boutique.
 97567 | Vaults:4 | Noticed Mennas
 97608 | Vaults:4 | You miscast Freezing Cloud.
 98645 | Vaults:4 | You miscast Freezing Cloud.
 98824 | Vaults:4 | Reached skill level 15 in Fighting
 98874 | Vaults:4 | Found Ibiamm's General Store.
 99328 | Vaults:4 | Bought 6 javelins for 96 gold pieces
 99328 | Vaults:4 | Bought a scroll of poison for 80 gold pieces
 99328 | Vaults:4 | Bought a scroll of fear for 80 gold pieces
 99328 | Vaults:4 | Bought a potion of curing for 60 gold pieces
 99328 | Vaults:4 | Bought a potion of curing for 60 gold pieces
 99328 | Vaults:4 | Bought a scroll of vulnerability for 80 gold pieces
 99494 | D:14     | Upgraded the game from 0.30-a0-390-g80c34de to
                  | 0.30-a0-393-g54b8e3b
 99572 | D:15     | Reached skill level 10 in Armour
 99640 | Depths:1 | Entered Level 1 of the Depths
 99665 | Depths:1 | Found a gateway to Hell.
 99673 | Depths:1 | Found a one-way gate to the infinite horrors of the Abyss.
100107 | D:14     | Acquired the ring "Fobbainu" {rF+ Str-4 Int+10 Dex+6 SInv}
100137 | D:14     | Learned a level 5 spell: Arcjolt
100843 | Depths:1 | Reached skill level 10 in Air Magic
101253 | Orc:2    | Bought a scroll of enchant weapon for 112 gold pieces
101253 | Orc:2    | Bought a scroll of poison for 60 gold pieces
101253 | Orc:2    | Bought a scroll of enchant weapon for 112 gold pieces
101253 | Orc:2    | Bought a scroll of silence for 142 gold pieces
104239 | Depths:1 | You miscast Freezing Cloud.
104530 | Depths:1 | Got Iwaj's Mastering Wizarding
104680 | Depths:1 | Reached XP level 22. HP: 176/176 MP: 31/36
105447 | Depths:1 | Found a runed translucent door.
105452 | Depths:1 | Noticed a caustic shrike
105454 | Depths:1 | Found a runed translucent door.
105980 | Depths:2 | Found a runed translucent gate.
105980 | Depths:2 | Found a runed translucent gate.
105980 | Depths:2 | Found a runed translucent gate.
106684 | Depths:2 | Found a one-way gateway to a ziggurat.
106914 | Depths:2 | Found Ahocwy's Demolitions Depot.
106969 | Depths:2 | Found Ebyxt's Book Emporium.
107098 | Depths:2 | Noticed blackthorn's ghost (veteran GnEE)
107512 | Depths:2 | Reached skill level 5 in Conjurations
107621 | Depths:2 | Found a one-way gate leading to the halls of Pandemonium.
108088 | Depths:2 | Bought a book of Chaos for 550 gold pieces
108144 | Depths:3 | Noticed Jory
108186 | Depths:3 | Killed Jory
108387 | Depths:3 | Found a shimmering blue altar of Sif Muna.
108581 | Depths:2 | You miscast Freezing Cloud.
109409 | Depths:3 | Found Zokuafech's Weapon Emporium.
109455 | Depths:3 | Reached skill level 15 in Shields
109959 | Depths:3 | Identified the ring of Noodeibo {Fly rPois}
110741 | Depths:3 | Upgraded the game from 0.30-a0-393-g54b8e3b to
                  | 0.30-a0-394-g3e4acdb
110743 | Depths:4 | Entered Level 4 of the Depths
110849 | Depths:4 | Learned a level 6 spell: Dispersal
111133 | Depths:4 | Found a transporter.
111136 | Depths:4 | Noticed a juggernaut
111136 | Depths:4 | Noticed Gunk's ghost (veteran TeAE)
111145 | Depths:4 | Reached skill level 1 in Translocations
111211 | Depths:4 | Found a transporter.
111303 | Depths:4 | Reached skill level 15 in Hexes
112562 | Depths:4 | Got the Handbook of the Tesseract
112901 | Depths:4 | Noticed a golden dragon
112902 | Depths:4 | Noticed a golden dragon
113044 | Depths:4 | Found a gate to the Realm of Zot.
113713 | Crypt:1  | Entered Level 1 of the Crypt
115164 | Crypt:1  | Reached skill level 16 in Hexes
115720 | Crypt:2  | Reached XP level 23. HP: 147/147 MP: 37/39
116055 | Crypt:2  | You miscast Arcjolt.
117025 | Crypt:3  | Entered Level 3 of the Crypt
117457 | Crypt:3  | Reached skill level 5 in Translocations
117618 | Crypt:3  | Reached skill level 17 in Hexes
117822 | Crypt:3  | Found a basalt altar of Yredelemnul.
119758 | Crypt:3  | Noticed Margery
120630 | Crypt:3  | Reached skill level 18 in Hexes
121473 | Crypt:3  | Killed Margery
123303 | Crypt:3  | Identified the +8 chain mail of Loifyxasur {rElec rPois
                  | Int+3}
123582 | Crypt:3  | Reached skill level 19 in Hexes
123733 | Crypt:3  | Found a staircase to the Tomb.
124114 | D:14     | Learned a level 8 spell: Discord
124118 | D:14     | Learned a level 3 spell: Vhi's Electric Charge
124331 | Slime:1  | Entered Level 1 of the Pits of Slime
124509 | Slime:2  | Gained mutation: You are frail. (-10% HP) [a shining eye]
124669 | Slime:1  | Learned a level 2 spell: Blink
124890 | D:14     | Lost mutation: You are frail. (-10% HP) [potion of
                  | mutation]
124890 | D:14     | Gained mutation: You have large cloven feet. [potion of
                  | mutation]
124890 | D:14     | Gained mutation: You have hoof-like feet. [potion of
                  | mutation]
125190 | Vaults:5 | Entered Level 5 of the Vaults
126067 | Depths:2 | Got the ring "Murphe" {Fire rPois Will++ Int+3 Stlth-}
126070 | Depths:2 | Got the Collected Works on the Oath
126283 | Hell     | Entered the Vestibule of Hell
126283 | Hell     | Noticed Geryon
126738 | Hell     | Killed Geryon
126861 | Hell     | Reached skill level 20 in Hexes
127034 | Hell     | You miscast Discord.
127473 | Hell     | You miscast Dispersal.
127847 | Hell     | Found a gateway to the decaying netherworld of Tartarus.
127958 | Hell     | Reached XP level 24. HP: 177/191 MP: 27/39
128029 | Hell     | Found a gateway to the ashen valley of Gehenna.
128078 | Hell     | Found a gateway to the Iron City of Dis.
128610 | Hell     | Found a gateway to the freezing wastes of Cocytus.
128772 | Depths:1 | Learned a level 4 spell: Passage of Golubria
129724 | Depths:1 | Reached skill level 21 in Hexes
130795 | Depths:1 | Reached skill level 10 in Translocations
131272 | Tomb:1   | Entered Level 1 of the Tomb of the Ancients
133832 | Tomb:1   | Noticed a royal mummy
133832 | Tomb:1   | Noticed a royal mummy
133835 | Tomb:1   | Noticed a royal mummy
133839 | Tomb:1   | Noticed a royal mummy
134463 | Vaults:4 | Upgraded the game from 0.30-a0-394-g3e4acdb to
                  | 0.30-a0-397-gea827eb
134469 | Abyss:2  | Cast into level 2 of the Abyss (war gargoyle)
134514 | Vaults:5 | Escaped the Abyss
134515 | Vaults:5 | Noticed an ancient lich
134519 | Vaults:5 | Reached skill level 22 in Hexes
134520 | Vaults:5 | Killed an ancient lich
134533 | Vaults:5 | You miscast Dispersal.
135131 | Vaults:5 | Identified the +11 long sword "Fuyrphurch" {elec, rCorr}
137617 | Elf:2    | Bought a potion of invisibility for 80 gold pieces
137617 | Elf:2    | Bought a potion of brilliance for 40 gold pieces
137814 | D:7      | Bought a potion of brilliance for 56 gold pieces
137814 | D:7      | Bought a potion of brilliance for 56 gold pieces
137814 | D:7      | Bought a potion of brilliance for 56 gold pieces
137814 | D:7      | Bought a potion of haste for 140 gold pieces
137814 | D:7      | Bought 2 potions of brilliance for 112 gold pieces
138573 | Elf:3    | Bought an Everburning Encyclopedia for 540 gold pieces
138649 | Elf:1    | Bought a scroll of poison for 48 gold pieces
139143 | D:14     | Upgraded the game from 0.30-a0-397-gea827eb to
                  | 0.30-a0-414-gcb31657
139434 | Vaults:4 | Reached XP level 25. HP: 184/185 MP: 20/39
139492 | Vaults:4 | Reached skill level 15 in Dodging
142302 | Vaults:5 | Identified the +2 pair of gloves of Tuecsu {rCorr Int+3}
142602 | Vaults:5 | Found Ximyo's Distillery.
142733 | Vaults:5 | Identified the +6 chain mail of Eternity {rElec rC+}
142857 | Vaults:5 | Identified the +8 triple crossbow of Dissolution {freeze,
                  | rElec rF++ Int-3}
142874 | Vaults:5 | Identified the ring "Keshas" {Wiz +Blink Will+}
143051 | Vaults:5 | Identified the +0 pair of boots of Pisethoi {Rampage rPois
                  | rN+}
143060 | Vaults:5 | Identified the +1 morningstar of Singie Adosh {vorpal,
                  | Str+2 Stlth+}
143065 | Vaults:5 | Identified the +3 rapier "Starlight" {freeze, Fragile rF++
                  | rN+ Dex+4}
143069 | Vaults:5 | Got a silver rune of Zot
143271 | Vaults:5 | Bought a potion of curing for 33 gold pieces
143271 | Vaults:5 | Bought a potion of heal wounds for 55 gold pieces
143271 | Vaults:5 | Bought a potion of heal wounds for 55 gold pieces
143271 | Vaults:5 | Bought a potion of attraction for 33 gold pieces
143271 | Vaults:5 | Bought a potion of brilliance for 44 gold pieces
143271 | Vaults:5 | Bought a potion of brilliance for 44 gold pieces
143271 | Vaults:5 | Bought a potion of invisibility for 88 gold pieces
143847 | Hell     | Gained mutation: Your magical capacity is low. (-10% MP)
                  | [mutagenic glow]
143857 | Hell     | Gained mutation: You are weak. (Str -2) [mutagenic glow]
143873 | Hell     | Gained mutation: You sometimes lose your temper in combat.
                  | [mutagenic glow]
143881 | Hell     | Learned a level 1 spell: Apportation
143887 | Hell     | Gained mutation: Your spells are a little easier to cast,
                  | but a little less powerful. [mutagenic glow]
143903 | Hell     | Gained mutation: Your body sometimes deteriorates upon
                  | taking damage. [mutagenic glow]
143922 | Hell     | Lost mutation: You sometimes lose your temper in combat.
                  | [mutagenic glow]
144165 | Lair:4   | Fell from the grace of Vehumet
144165 | Lair:4   | Became a worshipper of Jiyva Jize the Shapeless
144166 | Lair:4   | Lost mutation: You are weak. (Str -2) [potion of mutation]
144166 | Lair:4   | Lost mutation: You have hoof-like feet. [potion of
                  | mutation]
144166 | Lair:4   | Gained mutation: Your spells are easier to cast, but less
                  | powerful. [potion of mutation]
144167 | Lair:4   | Lost mutation: Your magical capacity is low. (-10% MP)
                  | [potion of mutation]
144167 | Lair:4   | Lost mutation: You have large cloven feet. [potion of
                  | mutation]
144167 | Lair:4   | Gained mutation: Potions are less effective at restoring
                  | your health. [potion of mutation]
144167 | Lair:4   | Gained mutation: You are robust. (+10% HP) [potion of
                  | mutation]
144168 | Lair:4   | Lost mutation: Your spells are easier to cast, but less
                  | powerful. [potion of mutation]
144168 | Lair:4   | Lost mutation: Your body sometimes deteriorates upon taking
                  | damage. [potion of mutation]
144168 | Lair:4   | Lost mutation: Your spells are a little easier to cast, but
                  | a little less powerful. [potion of mutation]
144168 | Lair:4   | Gained mutation: You are somewhat resistant to further
                  | mutation. [potion of mutation]
144168 | Lair:4   | Gained mutation: You sometimes lose your temper in combat.
                  | [potion of mutation]
144168 | Lair:4   | Gained mutation: You are very robust. (+20% HP) [potion of
                  | mutation]
144169 | Lair:4   | Lost mutation: You sometimes lose your temper in combat.
                  | [potion of mutation]
144169 | Lair:4   | Lost mutation: Potions are less effective at restoring your
                  | health. [potion of mutation]
145031 | Zot:1    | Entered Level 1 of the Realm of Zot
145122 | Zot:1    | Noticed Parghit
147246 | Zot:2    | Found a runed translucent gate.
147619 | Zot:2    | Reached * piety under Jiyva
148040 | Zot:2    | Found a runed translucent gate.
148041 | Zot:2    | Found a runed translucent gate.
148041 | Zot:2    | Noticed a dread lich
148043 | Zot:2    | Noticed Umialoyff's ghost (veteran DsNe)
148157 | Zot:2    | You miscast Passwall.
148685 | Zot:3    | Noticed a Killer Klown
148782 | Zot:3    | Killed a Killer Klown
149256 | Zot:3    | Noticed a Killer Klown
149269 | Zot:3    | Noticed a Killer Klown
149280 | Zot:2    | Killed a Killer Klown
149298 | Zot:2    | Was placed under penance by Jiyva
149299 | Zot:2    | Killed a Killer Klown
149369 | Zot:3    | Found the +4 dragonskin cloak
149369 | Zot:3    | Noticed Tiamat
149395 | Zot:3    | Noticed a Killer Klown
149564 | Coc:1    | Entered Level 1 of Cocytus
150977 | Coc:1    | Upgraded the game from 0.30-a0-414-gcb31657 to
                  | 0.30-a0-417-gc767529
151339 | Coc:2    | Paralysed by a wendigo for 1 turns
151342 | Coc:2    | You miscast Dispersal.
151343 | Coc:2    | Killed from afar by a wendigo

Illustrated notes

Levels and vault maps discovered:
D:1:      reono_arrival_forest_river, layout_basic, serial_shops,
          nicolae_shop_crystal
D:2:      layout_basic, basic_altar
D:3:      cheibrodos_pilgrimage, layout_basic, nicolae_figureground_sparkle,
          uniq_terence
D:4:      layout_rooms, lemuel_coloured_pillars_altar
D:5:      minmay_thick_lines, layout_layer_cave, mainiacjoe_overflow_24_doors,
          serial_shops, nicolae_diamond_shop, uniq_sigmund
D:6:      layout_basic, minmay_temple_entry_gardened_gates,
          portal_sewer_entry_e, serial_shops, kennysheep_little_box
D:7:      layout_cave_pools, serial_shops, shop, uniq_pikel
D:8:      layout_loops_ring
D:9:      gammafunk_steamed_eel, layout_basic, hangedman_misty_isle
D:10:     layout_rooms, mainiacjoe_overflow_tiny_flanked,
          grunt_temple_overflow_open, david_orc_3, serial_shops,
          nicolae_square_shop, uniq_joseph, uniq_josephine
D:11:     layout_rooms, minmay_lair_entry_grove, uniq_grum, uniq_erolcha,
          uniq_nergalle
D:12:     cheibrodos_ideogram_h, layout_cave_pools,
          portal_ice_cave_entry_ice_simulacra, nrook_uturn, uniq_jorgrun
D:13:     layout_basic, chequers_serial_rivers_small_a, kennysheep_small_square
D:14:     layout_layer_cave, david_vaults_1
D:15:     grunt_enter_depths_snipers, layout_cave_pools,
          ebering_dispersal_statue_hall
Temple:   nicolae_temple_x_marks_the_god
Lair:1:   layout_regular_city
Lair:2:   layout_small_grid, minmay_shoals_entry_centaurs,
          hangedman_lair_unloving_vines, st_stairs_6, uniq_amaemon,
          uniq_gastronok
Lair:3:   layout_regular_city, spider_nest_entry_funnel_web
Lair:4:   layout_cave_pods, nicolae_slime_entry_slimehenge, serial_bayou_shore_a
Lair:5:   due_jungle_book, layout_gridlike, lightli_volcano_entry_magma_tube
Shoals:1: layout_shoals, lemuel_altar_in_water,
          nicolae_shoals_abyss_on_the_beach
Shoals:2: layout_shoals, nicolae_take_the_stairs, uniq_mlioglotl, uniq_nikola
Shoals:3: layout_shoals
Shoals:4: shoals_end_hellmonk_lost_city, serial_shops, uniq_polyphemus
Spider:1: layout_spider_delve
Spider:2: layout_spider_delve, uniq_roxanne
Spider:3: layout_spider_delve, worms_lemuel, uniq_arachne
Spider:4: grunt_spider_rune_circles, uniq_kirke
Slime:1:  layout_caves
Slime:2:  layout_caves, nicolae_slime_round_cave
Orc:1:    layout_diamond_mine, mines2_david
Orc:2:    st_orc_rangers, layout_caves, uniq_donald
Elf:1:    layout_loops_cross, nicolae_shop_gadgets, minmay_shoptagon,
          lemuel_upstairs_altar
Elf:2:    nicolae_elf_blades_crystal_corner, layout_loops_cross,
          portal_desolation_entry_nicolae_slug, serial_shops, shop, hex_medium
Elf:3:    grunt_elf_hall_branching, layout_gridlike, serial_shops, shop,
          minmay_shop_grove
Vaults:1: vaults_standard_mumra_enter_the_diamond, ontoclasm_vaults_pinch,
          v_misc_11, ontoclasm_vaults_ligature, v_misc_1,
          vaults_room_ringed_pool, vaults_room_pools, vaults_dpeg_ring,
          vaults_dpeg_diagonal, layout_vaults_chaotic_city
Vaults:2: vaults_mumra_minichess_inversion, v_misc_16,
          nicolae_vaults_little_squares_4, ontoclasm_vaults_decontamination,
          hangedman_vaults_corner, nicolae_vaults_little_squares_5,
          grunt_vaults_focal, ontoclasm_vaults_eye,
          nicolae_vaults_circle_grid_a, grunt_vaults_hallway_long, v_misc_22,
          st_smaller_cells, layout_vaults_omnicross, serial_shops
Vaults:3: nicolae_vaults_mini_display_case, ontoclasm_vaults_spin,
          vaults_room_fancy_cross, nicolae_vaults_little_squares_3,
          nicolae_vaults_big_angled_halls, hangedman_vaults_trim,
          ontoclasm_vaults_twist, minmay_crypt_entry_simple_sparse,
          nicolae_vaults_rhombus_5, nicolae_vaults_border_crossing,
          layout_vaults_omnigrid, serial_shops, nicolae_shop_crystal,
          uniq_boris, uniq_sojobo
Vaults:4: v_misc_13, nicolae_vaults_circle_grid_b, vaults_room_grid,
          hangedman_vaults_hat, v_misc_12, nicolae_vaults_network_periphery,
          ontoclasm_vaults_fire_temple, nicolae_vaults_three_branches,
          v_misc_27, layout_vaults_maze_snakey, serial_shops,
          nicolae_shop_hallway_stairs, uniq_mennas
Vaults:5
Crypt:1:  layout_catacombs
Crypt:2:  layout_gridlike, grunt_ministairs_5
Crypt:3:  grunt_crypt_end_deaths_head, uniq_margery, uniq_josephina
Tomb:1
Depths:1: minmay_expanding_circles, layout_long_grid,
          pf_vacation_house_of_asmodeus, chequers_jeans, abyss_entry,
          nicolae_rejected_hall
Depths:2: minmay_angry_zag, layout_basic, enter_ziggurat_f, hell_entry,
          serial_shops, nicolae_shop_crystal, gammafunk_ghost_icy,
          grunt_pan_entry_spiral, nicolae_blasting_shop,
          infiniplex_staircase_zigzag_5
Depths:3: nooodl_glass_maze, layout_gridlike, hell_entry, serial_shops,
          nicolae_shop_trees, minmay_room_of_horrors,
          nicolae_sif_muna_little_library, infiniplex_staircase_diamond,
          uniq_jory
Depths:4: grunt_zot_entry_tricorne, layout_gridlike, hell_entry,
          gammafunk_ghost_arena, hangedman_research_quantum
Hell
Coc:1:    layout_ice_bergs
Coc:2:    layout_cocytus_water_paths
Zot:1:    layout_basic, uniq_parghit
Zot:2:    lemuel_draconian_sentries_small, layout_twisted_circle,
          gammafunk_ghost_necromancy
Zot:3:    dreamdust_zin_vs_xom, layout_twisted_circle, uniq_tiamat

Skill      XL: |  1  2  3  4  5  6  7  8  9 10 11 12 13 14 15 16 17 18 19 20 21 22 23 24 25 |
---------------+----------------------------------------------------------------------------+-----
Stealth        | 5 6 7 9 10 12 | 12.9
Short Blades   | 2 3 4 |  4.4
Hexes          | 5 6 7 9 11 12 14 16 20 22 | 22.9
Ice Magic      | 1 4 6 7 8 9 11 | 11.6
Armour         | 1 2 4 5 6 7 8 9 10 11 | 11.4
Fighting       | 1 2 4 5 6 7 9 10 11 13 14 15 16 17 | 17.2
Summonings     | 2 3 4 |  4.5
Long Blades    | 3 4 6 7 9 10 12 13 14 15 16 17 18 20 | 20.0
Spellcasting   | 3 4 5 7 8 9 10 12 13 | 13.4
Shields        | 1 4 5 7 9 10 11 13 14 15 | 15.0
Dodging        | 5 7 9 10 12 14 16 | 16.3
Evocations     | 2 3 4 |  4.5
Throwing       | 2 3 5 |  5.0
Air Magic      | 2 5 8 10 | 10.8
Conjurations   | 1 3 4 5 |  5.0
Translocations | 4 9 12 | 12.0

Action                   |  1- 3 |  4- 6 |  7- 9 | 10-12 | 13-15 | 16-18 | 19-21 | 22-24 | 25-27 || total
-------------------------+-------+-------+-------+-------+-------+-------+-------+-------+-------++-------
Melee: Dagger            |   128 |   106 |   178 |   138 |    90 |       |       |       |       ||   640
       Bite              |    15 |    14 |    19 |    37 |   120 |   149 |   235 |   252 |   106 ||   947
       Long sword        |       |    10 |       |    49 |    32 |       |       |       |       ||    91
       Punch             |       |     3 |       |     1 |       |       |       |       |       ||     4
       Scimitar          |       |       |       |   114 |   667 |   780 |   114 |       |       ||  1675
       Rapier            |       |       |       |       |       |   148 |    85 |    18 |     6 ||   257
       Double sword      |       |       |       |       |       |       |   976 |  1083 |   443 ||  2502
Throw: Boomerang         |       |    12 |    29 |       |     8 |   368 |   540 |   107 |       ||  1064
       Dart              |       |     7 |     9 |    16 |    38 |    53 |    15 |    13 |       ||   151
 Cast: Ensorcelled Hiber |     3 |    33 |    53 |   114 |    42 |    34 |    13 |     1 |       ||   293
       Tukima's Dance    |       |     4 |    24 |    36 |   133 |   156 |    80 |    41 |    16 ||   490
       Summon Guardian G |       |       |    11 |    81 |   242 |    48 |    76 |   180 |    17 ||   655
       Confusing Touch   |       |       |     5 |     6 |     9 |       |     1 |       |       ||    21
       Fulminant Prism   |       |       |       |       |   164 |   216 |    85 |   164 |    26 ||   655
       Metabolic Englaci |       |       |       |       |    29 |   123 |   225 |   103 |    16 ||   496
       Freezing Cloud    |       |       |       |       |       |   191 |   367 |   177 |    25 ||   760
       Passwall          |       |       |       |       |       |       |    12 |    26 |    13 ||    51
       Arcjolt           |       |       |       |       |       |       |    13 |    25 |    12 ||    50
       Discord           |       |       |       |       |       |       |       |    66 |    20 ||    86
       Dispersal         |       |       |       |       |       |       |       |    24 |     9 ||    33
       Vhi's Electric Ch |       |       |       |       |       |       |       |     4 |       ||     4
       Passage of Golubr |       |       |       |       |       |       |       |    29 |    10 ||    39
       Blink             |       |       |       |       |       |       |       |    10 |     5 ||    15
       Apportation       |       |       |       |       |       |       |       |       |     4 ||     4
 Abil: Exsanguinate      |       |       |       |       |     2 |       |       |     2 |     2 ||     6
       Revivify          |       |       |       |       |     2 |       |       |     2 |     2 ||     6
       Evoke Blink       |       |       |       |       |       |       |       |       |     1 ||     1
Evoke: Wand              |       |       |       |     3 |    11 |    46 |     1 |    12 |     5 ||    78
       Phial of floods   |       |       |       |       |       |       |     3 |       |       ||     3
  Use: Potion            |       |     2 |       |       |     1 |     1 |     1 |     9 |     4 ||    18
       Scroll            |       |       |     5 |    10 |    19 |     9 |    17 |     7 |     6 ||    73
 Stab: Sleeping          |     6 |    19 |    37 |    87 |    29 |    34 |    17 |    17 |     5 ||   251
       Invisible         |       |     1 |       |       |     2 |       |     2 |     2 |       ||     7
       Confused          |       |       |     5 |     4 |     7 |       |     1 |       |       ||    17
       Distracted        |       |       |       |       |     1 |     7 |     3 |     6 |     3 ||    20
Armor: Robe              |    14 |    22 |       |       |       |       |       |       |       ||    36
       Leather armour    |       |     5 |    64 |   158 |   324 |   196 |       |       |       ||   747
       Acid dragon scale |       |       |       |       |       |    66 |   350 |   246 |   216 ||   878
Dodge: Dodged            |    66 |    82 |    91 |   232 |   696 |   631 |   684 |   653 |   403 ||  3538
Block: Buckler           |       |       |       |    70 |   255 |   330 |   208 |       |       ||   863
       Kite shield       |       |       |       |       |       |       |   372 |   787 |   400 ||  1559
       Reflection        |       |       |       |       |       |       |       |    14 |    24 ||    38

Table legend: (Time is in decaauts)
 A = Elapsed time spent in this place.
 B = Non-inter-level travel time spent in this place.
 C = Inter-level travel time spent in this place.
 D = Time resting spent in this place.
 E = Time spent auto-exploring this place.
 F = Levels seen in this place.
 G = Mean time per level.
                   A        B        C        D        E       F      G
               +--------+--------+--------+--------+--------+-----+--------+
         Total | 150983 | 132267 |  18716 |  63938 |   1470 |  56 | 2696.1 |
       Dungeon |  31492 |  24677 |   6815 |   8275 |   1413 |  15 | 2099.5 |
        Temple |     14 |     14 |      0 |      0 |      0 |   1 |   14.0 |
          Lair |  13618 |  11469 |   2149 |   3470 |     57 |   5 | 2723.6 |
        Shoals |  12140 |  11786 |    354 |   6191 |      0 |   4 | 3035.0 |
   Spider Nest |  15036 |  14234 |    802 |   9930 |      0 |   4 | 3759.0 |
    Slime Pits |    268 |    267 |      1 |     27 |      0 |   2 |  134.0 |
  Orcish Mines |   3444 |   3075 |    369 |   1454 |      0 |   2 | 1722.0 |
   Elven Halls |  14834 |  13300 |   1534 |   8390 |      0 |   3 | 4944.7 |
        Vaults |  22729 |  19127 |   3602 |   9688 |      0 |   5 | 4545.8 |
         Crypt |  10790 |   9772 |   1018 |   4750 |      0 |   3 | 3596.7 |
          Tomb |   2335 |   2335 |      0 |   1161 |      0 |   1 | 2335.0 |
        Depths |  16814 |  14976 |   1838 |   7144 |      0 |   4 | 4203.5 |
          Hell |   2884 |   2797 |     87 |   1630 |      0 |   1 | 2884.0 |
       Cocytus |    261 |    261 |      0 |      3 |      0 |   2 |  130.5 |
           Zot |   4274 |   4130 |    144 |   1802 |      0 |   3 | 1424.7 |
         Abyss |     44 |     44 |      0 |     19 |      0 |   1 |   44.0 |
               +--------+--------+--------+--------+--------+-----+--------+

Top non-repeatable levels by time:
Depths:1: 7599 daAuts
Vaults:4: 6984 daAuts
 Crypt:3: 6933 daAuts
Vaults:1: 6416 daAuts
   Elf:2: 5627 daAuts
Shoals:3: 5424 daAuts
   Elf:3: 5253 daAuts
    D:14: 4901 daAuts
  Lair:5: 4870 daAuts
Spider:2: 4743 daAuts
Vaults:3: 4263 daAuts
Spider:3: 4199 daAuts
   Elf:1: 3954 daAuts
Depths:2: 3862 daAuts
  Lair:4: 3573 daAuts
